 Dungeon Crawl Stone Soup version 0.27-a0-101-g3cb999cee2 (webtiles) character file.

Game seed: 9831530236587075334

32857 kae the Brawler (level 13, -9/119 HPs)
             Began as a Troll Monk on Jan 21, 2021.
             Was a High Priest of Hepliaklqana.
             Mangled by a boulder beetle (44 damage)
             ... on level 4 of the Lair of Beasts.
             The game lasted 00:15:31 (13627 turns).

kae the Brawler (Troll Monk)                       Turns: 13627, Time: 00:15:32

Health: -9/119     AC: 13    Str: 32    XL:     13   Next: 33%
Magic:  0/16       EV: 14    Int:  9    God:    Hepliaklqana [*****.]
Gold:   693        SH:  0    Dex: 12    Spells: 12/12 levels left

rFire    . . .     SeeInvis .     - Unarmed
rCold    . . .     Faith    .   (no shield)
rNeg     . . .     Spirit   +   B - +0 swamp dragon scales
rPois    +         Reflect  .   D - +1 hat {Int+3}
rElec    .         Harm     .   l - +0 cloak
rCorr    +         Rampage  .   (gloves unavailable)
Will     .....                  (boots unavailable)
Stlth    +.........             A - amulet of guardian spirit (curse)
HPRegen  0.69/turn              e - ring of resist corrosion
MPRegen  0.15/turn              H - +6 ring of strength

@: lethally poisoned (-9 -> -10)
A: large, unfitting armour, reduced essence, claws 3, regeneration 1, shaggy fur
1, tough skin 3
a: Renounce Religion, Recall Ancestor, Ancestor Identity, Transference, Idealise


You were on level 4 of the Lair of Beasts.
You worshipped Hepliaklqana.
Hepliaklqana was extremely pleased with you.
You visited 3 branches of the dungeon, and saw 15 of its levels.
You also visited: Ossuary.

You collected 693 gold pieces.

Inventory:

Armour
 l - a +0 cloak (worn)
 B - +0 swamp dragon scales (worn)
 D - a +1 hat of intelligence (worn)
Jewellery
 e - a ring of resist corrosion (left claw)
 f - an uncursed ring of flight
 g - a +6 ring of intelligence
 i - an uncursed ring of magical power
 z - an uncursed ring of wizardry
 A - a cursed amulet of guardian spirit (around neck)
 E - an uncursed ring of ice
 H - a +6 ring of strength (right claw)
Wands
 q - a wand of random effects (22)
 w - a wand of digging (9)
 C - a wand of disintegration (5)
 F - a wand of iceblast (18)
Scrolls
 a - 4 scrolls of identify
 c - a scroll of enchant armour
 d - 11 scrolls of teleportation
 j - 2 scrolls of magic mapping
 o - 6 scrolls of fog
 r - 2 scrolls of blinking
 u - 2 scrolls of enchant weapon
 y - 2 scrolls of amnesia
 G - 2 scrolls of remove curse
Potions
 b - 7 potions of attraction
 h - a potion of berserk rage
 k - 3 potions of heal wounds
 m - 8 potions of flight
 n - a potion of might
 s - 2 potions of brilliance
 t - 3 potions of haste
 v - 6 potions of curing
 x - 3 potions of lignification


   Skills:
 + Level 9.8 Fighting
 + Level 9.7 Dodging
 - Level 1.0 Stealth
 * Level 15.1 Unarmed Combat
 + Level 6.3 Invocations


You had 12 spell levels left.
You didn't know any spells.
Your spell library contained the following spells:

 Spells                   Type           Power        Failure   Level
 Animate Skeleton         Necr           0%           50%         1
 Beastly Appendage        Tmut           0%           50%         1
 Pain                     Necr           0%           50%         1
 Shock                    Conj/Air       0%           50%         1
 Summon Small Mammal      Summ           0%           50%         1
 Blink                    Tloc           N/A          65%         2
 Call Imp                 Summ           0%           65%         2
 Swiftness                Air            0%           65%         2
 Wereblood                Tmut           0%           65%         2
 Call Canine Familiar     Summ           0%           86%         3
 Gell's Gravitas          Tloc           0%           86%         3
 Lesser Beckoning         Tloc           0%           86%         3
 Spider Form              Tmut/Pois      0%           86%         3
 Static Discharge         Conj/Air       0%           86%         3
 Summon Guardian Golem    Hex/Summ       0%           86%         3
 Teleport Other           Tloc           0%           86%         3
 Vampiric Draining        Necr           0%           86%         3
 Airstrike                Air            0%           99%         4
 Animate Dead             Necr           0%           99%         4
 Ice Form                 Ice/Tmut       0%           99%         4
 Passage of Golubria      Tloc           N/A          99%         4
 Summon Ice Beast         Ice/Summ       0%           99%         4
 Summon Lightning Spire   Summ/Air       0%           99%         4
 Agony                    Necr           0%           100%        5
 Blade Hands              Tmut           0%           100%        5
 Lightning Bolt           Conj/Air       0%           100%        5


Dungeon Overview and Level Annotations

Branches:
Dungeon (10/15)            Temple (1/1) D:7            Lair (4/6) D:8
  Swamp (0/4) Lair:2       Spider (0/4) Lair:2      Ossuary (visited)
    Orc: D:9-12

Altars:
Ashenzari
Cheibriados
Dithmenos
Elyvilon
Fedhas
Gozag
Hepliaklqana
Kikubaaqudgha
Makhleb
Nemelex Xobeh
Okawaru
Qazlal
Ru
Sif Muna
Trog
Uskayaw
Vehumet
Wu Jian
Xom
Yredelemnul
Zin
The Shining One

Annotations:
D:9 1 runed translucent door
Lair:4 1 runed translucent door, Eckutwi's ghost, journeyman DEIE


Innate Abilities, Weirdness & Mutations

You are too large for most types of armour.
You have claws for hands.
Your natural rate of healing is unusually fast.
You are covered in fur. (AC +1)
You have extremely tough skin. (AC +3)
Your life essence is reduced to manifest your ancestor. (-10% HP)


Message History

The boulder beetle curls into a ball and begins rolling!
The boulder beetle hits Dagmar!!!
Dagmar is destroyed!
The boulder beetle stops rolling and uncurls.
You hear an angry hiss.
You can now drain nearby creatures when transferring your ancestor.
A black mamba comes into view.
The black mamba bites you!
You are poisoned.
The black mamba poisons you!
You feel sick. The black mamba barely misses you.
The boulder beetle curls into a ball and begins rolling!
The black mamba barely misses you.
You feel sick. The black mamba bites you!
* * * LOW HITPOINT WARNING * * *
You feel sick. The black mamba barely misses you.
There is a stone staircase leading up here.
You feel sick. The black mamba misses you. The boulder beetle hits you!!!
You die...

...##.....##....##P#...#####....#
.P..##...##......#.....# #....#.
.##..##⌠##...........######....##
####..###.............##P....###
# .......##........##.....#.#
#.P.... ##.............#### ....P
#............## ##..B.......## #
#.@S°°°.....######. #
#............##.#.. ## ..
#.##................ .## ... ##
#....##.#.#...... ..#####...
#....###########.† ...#.#....
#...... ##† .......... #.......#
° ##........ ......... ○
#........ ...## .


You could see a boulder beetle and a black mamba.

Vanquished Creatures
  Gastronok (Lair:3)
  Harold (Lair:2)
  A boulder beetle (Lair:3)
  Fannar (Lair:1)
  2 hydras
  A catoblepas (Lair:4)
  Erica (D:10)
  4 two-headed ogres
  4 death yaks (Lair:4)
  Nergalle (D:10)
  A bog body (Lair:2)
  An oklob plant (Lair:1)
  A wolf spider (Lair:2)
  Joseph (D:7)
  2 black mambas (Lair:1)
  Maggie (D:8)
  Psyche (D:8)
  3 rime drakes
  9 cane toads
  3 komodo dragons
  A troll (D:10)
  4 blink frogs (Lair:2)
  7 dream sheep
  A redback (Lair:2)
  5 basilisks
  2 wyverns
  26 yaks
  A wraith (Ossuary)
  Menkaure (D:4)
  Duvessa (D:6)
  7 water moccasins
  3 orc warriors (D:9)
  6 ogres
  2 black bears
  An eye of draining (D:9)
  2 ice beasts
  A phantom (D:8)
  4 sky beasts
  3 centaurs (D:6)
  Blork the orc (D:4)
  A big kobold (D:9)
  11 bullfrogs
  2 gnoll sergeants (D:7)
  Dowan (D:6)
  A wyvern zombie (D:8)
  A scorpion (D:5)
  4 killer bees (D:9)
  3 howler monkeys
  A centaur zombie (D:7)
  A crimson imp (D:9)
  4 hounds
  A jelly (D:10)
  A bullfrog zombie (D:7)
  A centaur skeleton (D:10)
  A gnoll shaman (D:7)
  4 orc priests
  An iguana (D:10)
  Crazy Yiuf (D:7)
  2 bullfrog skeletons (D:5)
  A hexer (Lair:1)
  8 worker ants
  Natasha (thrice) (D:3)
  7 orc wizards
  A hound skeleton (D:8)
  A mummy (Ossuary)
  Robin (D:4)
  2 worker ant zombies
  25 gnolls
  A howler monkey skeleton (D:10)
  8 adders
  A white imp (D:5)
  2 ufetubi
  2 worms
  A dart slug (D:1)
  4 leopard geckos
  22 orcs
  2 ball pythons
  3 giant cockroaches
  17 goblins
  14 hobgoblins
  5 jackals
  11 kobolds
  3 quokkas
  10 bats
  12 frilled lizards
  5 gnoll skeletons (Ossuary)
  A goblin zombie (D:4)
  9 kobold skeletons (Ossuary)
  A leopard gecko zombie (D:6)
  11 orc skeletons (Ossuary)
  A quokka skeleton (D:4)
  6 rats
  A rat zombie (D:4)
363 creatures vanquished.

Vanquished Creatures (collateral kills)
  A cane toad (Lair:3)
  A komodo dragon (Lair:1)
  A blink frog (Lair:2)
  2 bullfrogs
  A howler monkey (D:8)
  An orc wizard (D:10)
  A gnoll (D:7)
  5 orcs
13 creatures vanquished.

Vanquished Creatures (others)
  6 hexers
  8 fungi
  18 plants
32 creatures vanquished.

Grand Total: 408 creatures vanquished

Notes
Turn   | Place    | Note
-------+----------+-------------------------------------------
     0 | D:1      | kae the Troll Monk began the quest for the Orb.
     0 | D:1      | Reached XP level 1. HP: 22/22 MP: 0/0
   109 | D:1      | Reached XP level 2. HP: 24/29 MP: 1/1
   431 | D:1      | Reached XP level 3. HP: 36/36 MP: 2/2
  1107 | D:2      | Reached skill level 4 in Unarmed Combat
  1131 | D:2      | Reached XP level 4. HP: 44/44 MP: 3/3
  1520 | D:2      | Found a faded altar of an unknown god.
  1743 | D:3      | Noticed Natasha
  1748 | D:3      | Killed Natasha
  1773 | D:3      | Reached XP level 5. HP: 53/53 MP: 4/4
  1869 | D:3      | Noticed Natasha
  1879 | D:3      | Killed Natasha
  1904 | D:3      | Noticed Natasha
  2060 | D:3      | Killed Natasha
  2061 | D:3      | Reached skill level 5 in Unarmed Combat
  2256 | D:4      | Noticed Robin
  2284 | D:4      | Killed Robin
  2289 | D:4      | Reached XP level 6. HP: 27/61 MP: 5/5
  2368 | D:4      | Found a broken altar of Ashenzari.
  2380 | D:4      | Noticed Blork the orc
  2394 | D:4      | Killed Blork the orc
  2419 | D:4      | Noticed Menkaure
  2429 | D:4      | Killed Menkaure
  2487 | D:4      | Found a sand-covered staircase.
  2504 | Ossuary  | Entered an ossuary
  2504 | Ossuary  | Noticed a wraith
  2504 | Ossuary  | Noticed a wraith
  2504 | Ossuary  | Noticed a wraith
  2794 | Ossuary  | Noticed a wraith
  2810 | Ossuary  | Killed a wraith
  2811 | Ossuary  | Reached skill level 6 in Unarmed Combat
  2811 | Ossuary  | Reached XP level 7. HP: 65/70 MP: 6/6
  3021 | D:5      | Entered Level 5 of the Dungeon
  3142 | D:5      | Found a blossoming altar of Fedhas.
  3290 | D:4      | Reached skill level 7 in Unarmed Combat
  3530 | D:4      | Found an ancient bone altar of Kikubaaqudgha.
  3867 | D:5      | Found a glowing golden altar of the Shining One.
  3913 | D:5      | Reached XP level 8. HP: 71/79 MP: 7/7
  3989 | D:5      | Found an opulent altar of Gozag.
  4050 | D:5      | Found an iron altar of Okawaru.
  4304 | D:6      | Reached skill level 5 in Fighting
  4304 | D:6      | Reached skill level 5 in Dodging
  4304 | D:6      | Reached skill level 8 in Unarmed Combat
  4637 | D:6      | Noticed Duvessa
  4637 | D:6      | Noticed Dowan
  4658 | D:6      | Killed Duvessa
  4659 | D:6      | Reached XP level 9. HP: 73/88 MP: 8/8
  4682 | D:6      | Killed Dowan
  4683 | D:6      | Reached skill level 9 in Unarmed Combat
  5649 | D:7      | Found a staircase to the Ecumenical Temple.
  5690 | Temple   | Entered the Ecumenical Temple
  6140 | Temple   | Became a worshipper of Hepliaklqana the Forgotten
  6140 | Temple   | Reached * piety under Hepliaklqana
  6140 | Temple   | Reached ** piety under Hepliaklqana
  6164 | Temple   | Remembered your ancestor Dagmar as a hexer
  6234 | D:7      | Found a runed translucent door.
  6235 | D:7      | Noticed Crazy Yiuf
  6250 | D:7      | Noticed Joseph
  6261 | D:7      | Killed Joseph
  6560 | D:7      | Reached skill level 10 in Unarmed Combat
  6773 | D:7      | Killed Crazy Yiuf
  6944 | D:8      | Found a staircase to the Lair.
  6945 | D:8      | Noticed a komodo dragon
  6956 | D:8      | Noticed Psyche
  6963 | D:8      | Killed Psyche
  6978 | D:8      | Killed a komodo dragon
  7134 | D:8      | Noticed a two-headed ogre
  7144 | D:8      | Reached XP level 10. HP: 88/90 MP: 9/9
  7156 | D:8      | Killed a two-headed ogre
  7187 | D:8      | Noticed Maggie
  7199 | D:8      | Killed Maggie
  7200 | D:8      | Reached skill level 11 in Unarmed Combat
  7829 | D:8      | Found a snail-covered altar of Cheibriados.
  7975 | Lair:1   | Entered Level 1 of the Lair of Beasts
  7975 | Lair:1   | Noticed an oklob plant
  8193 | D:9      | Found a bloodstained altar of Trog.
  8286 | D:9      | Noticed a two-headed ogre
  8294 | D:9      | Killed a two-headed ogre
  8530 | D:9      | Found a burning altar of Makhleb.
  8593 | D:9      | Found a hide-covered altar of Uskayaw.
  8796 | D:9      | Found a runed translucent door.
  8796 | D:9      | Noticed a wolf spider
  8796 | D:9      | Noticed a flayed ghost
  8798 | D:9      | Noticed a deep elf mage
  8798 | D:9      | Noticed a fire dragon
  8798 | D:9      | Noticed a seven-headed hydra
  8798 | D:9      | Noticed a yaktaur captain
  8983 | D:9      | Found a basalt altar of Yredelemnul.
  9159 | D:10     | Entered Level 10 of the Dungeon
  9226 | D:10     | Noticed Erica
  9244 | D:10     | Killed Erica
  9245 | D:10     | Reached skill level 12 in Unarmed Combat
  9347 | D:10     | Reached *** piety under Hepliaklqana
  9366 | D:10     | Noticed Nergalle
  9376 | D:10     | Killed Nergalle
  9377 | D:10     | Reached XP level 11. HP: 81/99 MP: 10/10
  9645 | D:10     | Noticed a two-headed ogre
  9652 | D:10     | Killed a two-headed ogre
  9653 | D:10     | Reached skill level 1 in Invocations
  9654 | D:10     | Noticed a two-headed ogre
  9662 | D:10     | Killed a two-headed ogre
 10224 | Lair:1   | Killed an oklob plant
 10380 | Lair:1   | Noticed Fannar
 10403 | Lair:1   | Reached skill level 13 in Unarmed Combat
 10409 | Lair:1   | Killed Fannar
 11162 | Lair:2   | Found a staircase to the Swamp.
 11162 | Lair:2   | Noticed a bog body
 11172 | Lair:2   | Killed a bog body
 11173 | Lair:2   | Reached XP level 12. HP: 109/109 MP: 13/13
 11199 | Lair:2   | Noticed Harold
 11210 | Lair:2   | Killed Harold
 11643 | Lair:2   | Reached **** piety under Hepliaklqana
 11685 | Lair:2   | Noticed an eight-headed hydra
 11823 | Lair:2   | Reached skill level 14 in Unarmed Combat
 11892 | Lair:2   | Found a hole to the Spider Nest.
 12078 | Lair:2   | Killed a ten-headed hydra
 12131 | Lair:3   | Reached skill level 5 in Invocations
 12156 | Lair:3   | Noticed Gastronok
 12204 | Lair:3   | Killed Gastronok
 12622 | Lair:3   | Reached XP level 13. HP: 117/117 MP: 16/16
 13476 | Lair:4   | Noticed Eckutwi's ghost (journeyman DEIE)
 13479 | Lair:4   | Found a runed translucent door.
 13537 | Lair:4   | Reached skill level 15 in Unarmed Combat
 13620 | Lair:4   | Reached ***** piety under Hepliaklqana
 13627 | Lair:4   | Mangled by a boulder beetle

Illustrated notes

Levels and vault maps discovered:
D:1:      ncdulo_smallfort, layout_basic, hangedman_glass_teeth, st_stairs_2,
          minmay_lizard_pond
D:2:      layout_basic, serial_forest, infiniplex_forest_straight_1,
          infiniplex_forest_clump_double, infiniplex_forest_corner_1,
          infiniplex_forest_clump_double, infiniplex_forest_clump_diagonal,
          infiniplex_forest_corner_1, infiniplex_forest_end_double,
          infiniplex_forest_fountain, chequers_ecumenical_altar_grove,
          minmay_fractal_squares_5
D:3:      layout_rooms, uniq_natasha
D:4:      layout_gridville, nicolae_overflow_crystal_walls,
          nicolae_ashenzari_panopticon, enter_ossuary_4, uniq_robin,
          uniq_menkaure, uniq_blork_the_orc
D:5:      layout_rooms, grunt_temple_overflow_open, grunt_gozag_breadcrumbs
D:6:      layout_cave_pools, minivault_25, uniq_duvessa
D:7:      layout_basic, minmay_temple_entry_overgrown, uniq_crazy_yiuf_cottage,
          uniq_joseph
D:8:      layout_basic, lemuel_doored_altar, david_lair_shrubbed,
          minmay_crossroads, uniq_maggie, uniq_psyche
D:9:      minmay_gate_of_8, layout_loops_ring, lemuel_crystal_altar,
          lemuel_coloured_pillars_altar, trog_eyes_of_draining,
          makhleb_grotto_becter
D:10:     layout_long_grid, uniq_nergalle, uniq_erica
Temple:   minmay_temple_forest_path
Lair:1:   layout_chaotic_city, fungi_pond_lemuel, dpeg_stationary_puzzle,
          uniq_fannar
Lair:2:   layout_cave_shapes, skrybe_swamp_entry_bodies,
          spider_nest_entry_funnel_web, uniq_harold
Lair:3:   layout_cave_shapes, grunt_megastairs_1, infiniplex_staircase_pool_2,
          uniq_gastronok
Lair:4:   layout_layer_cave, hellmonk_ghost_happy_afterlife, st_stairs_12

Skill      XL: |  1  2  3  4  5  6  7  8  9 10 11 12 13 |
---------------+----------------------------------------+-----
Unarmed Combat | 4 5 6 7 8 10 12 13 14 15 | 15.1
Fighting       | 3 4 5 6 7 8 9 |  9.8
Dodging        | 3 4 5 6 7 8 9 |  9.7
Invocations    | 3 5 6 |  6.3
Stealth        | |  1.0

Action                   |  1- 3 |  4- 6 |  7- 9 | 10-12 | 13-15 || total
-------------------------+-------+-------+-------+-------+-------++-------
Melee: Unarmed           |   144 |   171 |   296 |   483 |    65 ||  1159
       Punch             |     1 |     7 |     9 |    35 |     7 ||    59
Invok: Ancestor Life: He |       |       |     1 |       |       ||     1
Evoke: Wand              |       |       |       |     3 |    20 ||    23
  Use: Scroll            |     5 |     7 |    10 |     5 |     3 ||    30
       Potion            |       |     2 |       |     2 |       ||     4
 Stab: Sleeping          |     1 |       |       |       |       ||     1
       Distracted        |       |       |     1 |     4 |     1 ||     6
       Confused          |       |       |       |     2 |       ||     2
       Paralysed         |       |       |       |     2 |       ||     2
Armor: Robe              |    81 |    49 |    97 |     1 |       ||   228
       Swamp dragon scal |       |       |       |   127 |    18 ||   145
Dodge: Dodged            |   125 |    97 |   156 |   226 |    29 ||   633

Table legend: (Time is in decaauts)
 A = Elapsed time spent in this place.
 B = Non-inter-level travel time spent in this place.
 C = Inter-level travel time spent in this place.
 D = Time resting spent in this place.
 E = Time spent auto-exploring this place.
 F = Levels seen in this place.
 G = Mean time per level.
                   A        B        C        D        E       F      G
               +--------+--------+--------+--------+--------+-----+--------+
         Total |  13489 |  12904 |    585 |   1695 |   8804 |  16 |  843.1 |
       Dungeon |   9219 |   8759 |    460 |    796 |   6419 |  10 |  921.9 |
        Temple |    475 |    427 |     48 |     44 |    380 |   1 |  475.0 |
          Lair |   3355 |   3279 |     76 |    655 |   1881 |   4 |  838.8 |
       Ossuary |    439 |    439 |      0 |    200 |    124 |   1 |  439.0 |
               +--------+--------+--------+--------+--------+-----+--------+

Top non-repeatable levels by time:
     D:8: 1247 daAuts
     D:7: 1240 daAuts
     D:9: 1150 daAuts
  Lair:2: 1082 daAuts
    D:10: 1008 daAuts
     D:4: 1004 daAuts
  Lair:1: 953 daAuts
  Lair:3: 889 daAuts
     D:1: 873 daAuts
     D:2: 855 daAuts
     D:6: 788 daAuts
     D:5: 554 daAuts
     D:3: 495 daAuts
  Temple: 475 daAuts
 Ossuary: 439 daAuts
